 Dungeon Crawl Stone Soup version 0.22.1-2-g9c5b331 (webtiles) character file.

5436 Kingsglaive the Cleaver (level 10, -4/90 HPs)
             Began as a Minotaur Berserker on Nov 19, 2018.
             Was a High Priest of Trog.
             Slain by a centaur (7 damage)
             ... on level 10 of the Dungeon.
             The game lasted 00:29:10 (7426 turns).

Kingsglaive the Cleaver (Minotaur Berserker)        Turns: 7426, Time: 00:29:11

Health: -4/90      AC: 14    Str: 25    XL:     10   Next: 41%
Magic:  9/9        EV: 10    Int:  4    God:    Trog [*****.]
Gold:   582        SH:  0    Dex: 10    Spells: 9/9 levels left

rFire    . . .     SeeInvis .   x - +4 hand axe of the Several People {speed, +Rage}
rCold    . . .     Gourm    .   (no shield)
rNeg     . . .     Faith    .   E - +0 chain mail
rPois    .         Spirit   .   (helmet restricted)
rElec    .         Reflect  .   (no cloak)
rCorr    .         Harm     .   N - +2 pair of gloves
MR       +....                  (no boots)
Stlth    ..........             (no amulet)
HPRegen  0.25/turn              n - ring of wizardry
MPRegen  0.11/turn              L - ring of protection from magic

@: lethally poisoned (-4 -> -6)
A: retaliatory headbutt, horns 2
a: Berserk, Trog's Hand, Brothers in Arms, Renounce Religion, Evoke Berserk Rage


You were on level 10 of the Dungeon.
You worshipped Trog.
Trog was extremely pleased with you.
You were not hungry.

You visited 1 branch of the dungeon, and saw 10 of its levels.

You collected 582 gold pieces.

Inventory:

Hand Weapons
 o - a +2 antimagic executioner's axe
 x - the +4 hand axe of the Several People (weapon) {speed, +Rage}
   (You found it on level 5 of the Dungeon)

   Attacks with this weapon are significantly faster.
   It lets you go berserk.
 G - a +4 battleaxe
Armour
 E - a +0 chain mail (worn)
 N - a +2 pair of gloves (worn)
Jewellery
 n - a ring of wizardry (left hand)
 q - an uncursed ring of flight
 y - an uncursed ring of stealth
 L - a ring of protection from magic (right hand)
Wands
 r - a wand of iceblast (13)
 C - a wand of enslavement (7)
 H - a wand of polymorph (10)
 K - a wand of clouds (5)
Scrolls
 a - a scroll of identify
 k - 6 scrolls of teleportation
 p - 6 scrolls of magic mapping
 s - 3 scrolls of enchant weapon
 v - 4 scrolls of remove curse
 A - 3 scrolls of blinking {unknown}
 B - a scroll of enchant armour {unknown}
 I - a scroll of amnesia {unknown}
 J - a scroll of noise {unknown}
Potions
 f - a potion of might
 h - 2 potions of magic {unknown}
 i - 6 potions of curing {unknown}
 j - 3 potions of flight {unknown}
 l - a potion of ambrosia {unknown}
 u - 2 potions of brilliance {unknown}
 w - a potion of mutation {unknown}
 z - 4 potions of invisibility {unknown}
Comestibles
 c - 22 rations


   Skills:
 + Level 8.8 Fighting
 - Level 14.0 Axes
 * Level 7.5 Armour
 * Level 4.9 Dodging
 - Level 1.0 Stealth


You had 9 spell levels left.
You didn't know any spells.
Your spell library contained the following spells:

 Spells                   Type           Power        Failure   Level  Hunger
 Sting                    Conj/Pois      #...         75%         1    ##.....
 Poisonous Vapours        Pois/Air       #.....       86%         2    ###....
 Mephitic Cloud           Conj/Pois/Air  #.......     97%         3    ####...
 Olgreb's Toxic Radiance  Pois           #.......     100%        4    #####..
 Venom Bolt               Conj/Pois      #.........   100%        5    ######.


Dungeon Overview and Level Annotations

Branches:
Dungeon (10/15)            Temple (0/1) D:4             Orc (0/2) D:9
   Lair: D:8-11

Altars:
Fedhas
Gozag
Hepliaklqana
Uskayaw
Xom
Yredelemnul

Shops:
D:5 (


Innate Abilities, Weirdness & Mutations

You reflexively headbutt those who attack you in melee.
You have a pair of horns on your head.


Message History

You kill the fire crab!
Trog accepts your kill.
Training target 14.0 for Axes reached!
Your Axes skill increases to level 14!
You barely miss the adder. You closely miss the phantom. You hit the centaur.
You hit the worker ant.
You are engulfed in blazing flames.
* * * LOW HITPOINT WARNING * * *
The adder bites you.
* * * LOW HITPOINT WARNING * * *
The centaur unwields an uncursed shortbow.
The centaur hits you but does no damage.
You are engulfed in blazing flames.
* * * LOW HITPOINT WARNING * * *
The phantom hits you.
* * * LOW HITPOINT WARNING * * *
The phantom blinks!
The worker ant bites you.
* * * LOW HITPOINT WARNING * * *
You are poisoned.
The worker ant poisons you! The adder barely misses you. The centaur hits you!
You die...

..# ... ... ..
.. ...##.###.#
#?.#..#..
...#.#.# #.....#
#.#.S####...
#####..§@......#
.......ca†......
...W.#.....#....
#### ##)#.......
#.#....##.
%.###..# .## .##
.. .# ##


You could see a phantom, a centaur, a worker ant and an adder.

Vanquished Creatures
  A fire crab (shapeshifter) (D:10)
  A troll (D:9)
  A hippogriff (D:10)
  Sigmund (D:5)
  Eustachio (D:4)
  3 yaks (D:10)
  Duvessa (D:6)
  2 sky beasts
  4 orc warriors
  2 ice beasts
  2 phantoms
  A centaur (D:9)
  5 ogres
  2 big kobolds (D:7)
  3 bullfrogs
  A gnoll sergeant (D:8)
  Dowan (D:6)
  3 scorpions
  A water moccasin skeleton (D:9)
  4 wights (D:7)
  A howler monkey (D:6)
  4 crimson imps
  A quasit (D:8)
  4 hounds
  10 orc priests
  A centaur skeleton (D:6)
  A jelly (D:8)
  9 orc wizards
  2 bullfrog skeletons
  Jessica (D:2)
  4 iguanas
  A worker ant (D:7)
  A killer bee zombie (D:10)
  A hound zombie (D:6)
  A hound skeleton (D:5)
  A worker ant zombie (D:5)
  8 gnolls (D:8)
  A howler monkey skeleton (D:5)
  7 adders
  A river rat (D:5)
  2 shadow imps
  An ooze (D:5)
  An adder skeleton (D:9)
  An adder zombie (D:5)
  2 worms
  A dart slug (D:1)
  12 leopard geckos
  36 orcs
  10 bats
  4 giant cockroaches
  5 goblins
  5 hobgoblins
  16 jackals
  8 quokkas
  2 ball pythons
  5 frilled lizards
  17 kobolds
  A leopard gecko skeleton (D:4)
  A leopard gecko zombie (D:5)
  2 quokka skeletons
  A quokka zombie (D:9)
  8 rats
241 creatures vanquished.

Notes
Turn   | Place    | Note
-------+----------+-------------------------------------------
     0 | D:1      | Kingsglaive the Minotaur Berserker began the quest for the
                  | Orb.
     0 | D:1      | Reached XP level 1. HP: 19/19 MP: 0/0
    94 | D:1      | Reached skill level 4 in Axes
   168 | D:1      | Reached XP level 2. HP: 25/27 MP: 1/1
   645 | D:2      | Found a shimmering altar of Xom.
   645 | D:2      | Noticed Jessica
   654 | D:2      | Killed Jessica
   654 | D:2      | Reached skill level 5 in Axes
   654 | D:2      | Reached XP level 3. HP: 31/33 MP: 2/2
   713 | D:2      | Reached XP level 4. HP: 35/41 MP: 3/3
   740 | D:2      | Reached ** piety under Trog
  1230 | D:3      | Found a faded altar of an unknown god.
  1607 | D:3      | Reached skill level 6 in Axes
  1630 | D:3      | Found a basalt altar of Yredelemnul.
  1730 | D:3      | Found a blossoming altar of Fedhas.
  1980 | D:4      | Reached XP level 5. HP: 47/47 MP: 4/4
  2022 | D:4      | Noticed an ice beast
  2033 | D:4      | Killed an ice beast
  2033 | D:4      | Reached skill level 7 in Axes
  2033 | D:4      | Reached XP level 6. HP: 44/55 MP: 5/5
  2042 | D:4      | Found a staircase to the Ecumenical Temple.
  2397 | D:4      | Noticed Eustachio
  2429 | D:4      | Killed Eustachio
  2429 | D:4      | Reached skill level 5 in Fighting
  2429 | D:4      | Reached skill level 8 in Axes
  2624 | D:4      | Reached *** piety under Trog
  2749 | D:5      | Entered Level 5 of the Dungeon
  2756 | D:5      | Reached XP level 7. HP: 26/61 MP: 6/6
  2760 | D:5      | Reached skill level 9 in Axes
  2997 | D:5      | Found Qigako's Antique Weapon Shoppe.
  3029 | D:5      | Got an ichor-stained hand axe
  3030 | D:5      | Identified the +4 hand axe of the Several People {speed,
                  | +Rage} (You found it on level 5 of the Dungeon)
  3038 | D:5      | Found an opulent altar of Gozag.
  3281 | D:5      | Noticed Sigmund
  3291 | D:5      | Killed Sigmund
  3291 | D:5      | Reached skill level 10 in Axes
  3380 | D:5      | Reached skill level 1 in Stealth
  3380 | D:5      | Reached XP level 8. HP: 69/69 MP: 7/7
  3527 | D:5      | Reached skill level 11 in Axes
  3809 | D:6      | Reached **** piety under Trog
  4468 | D:6      | Reached skill level 12 in Axes
  4472 | D:6      | Noticed Duvessa
  4474 | D:6      | Noticed Dowan
  4482 | D:6      | Killed Duvessa
  4485 | D:6      | Killed Dowan
  4989 | D:7      | Reached XP level 9. HP: 52/78 MP: 8/8
  5120 | D:7      | Reached ***** piety under Trog
  5422 | D:7      | Reached skill level 13 in Axes
  5481 | D:7      | Found a hazy altar of Hepliaklqana.
  5922 | D:8      | Reached skill level 5 in Armour
  6313 | D:8      | Noticed a dagger
  6313 | D:8      | Noticed a dagger
  6316 | D:8      | Found a hide-covered altar of Uskayaw.
  6526 | D:9      | Noticed a troll
  6538 | D:9      | Killed a troll
  6563 | D:9      | Reached XP level 10. HP: 59/88 MP: 9/9
  6721 | D:9      | Received a gift from Trog
  6725 | D:9      | Found an opulent altar of Gozag.
  6752 | D:9      | Found a staircase to the Orcish Mines.
  7102 | D:10     | Entered Level 10 of the Dungeon
  7107 | D:10     | Noticed an orb spider
  7123 | D:10     | Noticed a fire crab
  7123 | D:10     | an orb spider changed into a fire crab
  7425 | D:10     | Killed a fire crab
  7425 | D:10     | Reached skill level 14 in Axes
  7426 | D:10     | HP: 3/90 [worker ant (2)]
  7426 | D:10     | Slain by a centaur

Skill      XL: |  1  2  3  4  5  6  7  8  9 10 |
---------------+-------------------------------+-----
Axes           | 4 5 6 7 8 10 12 13 14 | 14.0
Fighting       | 4 5 6 8 |  8.8
Stealth        | 1 |  1.0
Armour         | 6 7 |  7.5
Dodging        | 4 |  4.9

Action                   |  1- 3 |  4- 6 |  7- 9 | 10-12 || total
-------------------------+-------+-------+-------+-------++-------
Melee: Hand axe          |    42 |   132 |   365 |    89 ||   628
       Headbutt          |     2 |    17 |    79 |    22 ||   120
Invok: Berserk           |       |     1 |     3 |     1 ||     5
  Use: Scroll            |     3 |       |    11 |     1 ||    15
  Eat: Chunk             |       |     2 |       |     1 ||     3
       Ration            |       |     2 |     4 |     1 ||     7
Armor: Animal skin       |     7 |       |       |       ||     7
       Ring mail         |    13 |     4 |       |       ||    17
       Scale mail        |       |    50 |    34 |       ||    84
       Chain mail        |       |       |    43 |    30 ||    73
Dodge: Dodged            |    42 |    68 |    96 |    33 ||   239
